 Dungeon Crawl Stone Soup version bcrawl-1.13.1 (webtiles) character file.

Game seed: 11475061540403817400

33971 Revguard the Cleaver (level 13, -25/154 HPs)
             Began as a Demonspawn Berserker on Aug 3, 2019.
             Was a High Priest of Trog.
             Annihilated by an ettin
             ... wielding a +0 dire flail
              (34 damage)
             ... in the Orcish Mines.
             The game lasted 00:40:11 (12072 turns).

Revguard the Cleaver (Demonspawn Berserker)        Turns: 12072, Time: 00:40:12

Health: -25/154    AC: 28    Str: 23    XL:     13   Next: 39%
Magic:  20/20      EV: 12    Int: 12    God:    Trog [*****.]
Gold:   1511       SH:  6    Dex: 18    Spells: 12/12 levels left

rFire    + . .     SeeInvis .   g - +1 hand axe (vamp)
rCold    + + +     Gourm    +   (no shield)
rNeg     + . .     Faith    .   C - +4 plate armour "Xor Kane" {rC++ Int+4}
rPois    .         Spirit   .   o - +0 helmet
rElec    .         Reflect  .   E - scarf {rC+ rF+}
rCorr    .         Harm     .   G - +0 pair of gloves
MR       +....                  M - +2 pair of boots
Stlth    ..........             s - amulet of the gourmand
HPRegen  0.35/turn              I - ring of positive energy
MPRegen  0.17/turn              u - +5 ring of protection

@: berserking, very quick
A: hooves 2, large bone plates 2, blink, magic resistance 1, nightstalker 1,
spiny 2
a: Blink, Berserk, Trog's Hand, Brothers in Arms, Renounce Religion


You were in the Orcish Mines.
You worshipped Trog.
Trog was extremely pleased with you.
You were very full.

You visited 3 branches of the dungeon, and saw 14 of its levels.

You collected 1623 gold pieces.
You spent 112 gold pieces at shops.

Inventory:

Hand Weapons
 a - a +0 hand axe of flaming
 g - a +1 vampiric hand axe (weapon)
 B - a +0 broad axe of flaming
 L - the +10 hunting sling of the Madman {velocity, Stlth+, unknown}
   (You found it on level 10 of the Dungeon)

   Any stone fired from it inflicts extra damage.
   It makes you more stealthy.
Missiles
 d - 4 throwing nets (quivered) {!f}
Armour
 h - a +0 cloak
 o - a +0 helmet (worn)
 C - the +4 plate armour "Xor Kane" (worn) {rC++ Int+4}
   (You found it on level 12 of the Dungeon)

   It affects your intelligence (+4).
   It greatly protects you from cold.
 E - a scarf of resistance (worn)
 G - a +0 pair of gloves (worn)
 M - a +2 pair of boots (worn)
Jewellery
 b - an uncursed ring of protection from fire
 f - an uncursed ring of protection from fire
 j - an uncursed ring of protection from magic
 m - an uncursed ring of ice
 s - an amulet of the gourmand (around neck)
 u - a +5 ring of protection (right hand)
 x - a +2 ring of intelligence
 y - an uncursed amulet of the acrobat
 F - a +3 amulet of reflection {unknown}
 I - a ring of positive energy (left hand)
 R - a cursed -2 ring of slaying {unknown}
Wands
 q - a wand of enslavement (9)
 z - a wand of paralysis (8)
 N - a wand of random effects (17)
Scrolls
 i - a scroll of immolation
 k - 3 scrolls of enchant weapon
 p - 5 scrolls of remove curse
 v - 3 scrolls of blinking
 A - a scroll of magic mapping
 D - 2 scrolls of teleportation
 H - 2 scrolls of fear
 P - a scroll of enchant armour
 T - a scroll of fog
Potions
 e - a potion of ambrosia
 l - 4 potions of haste
 n - a potion of magic
 r - a potion of brilliance
 t - a potion of cancellation
 w - a potion of invisibility
 J - a potion of lignification
 O - 2 potions of curing
 Q - a potion of mutation
Comestibles
 c - 24 rations {!d}
 K - 19 chunks of flesh


   Skills:
 + Level 10.1 Fighting
 + Level 13.3 Axes
 * Level 7.8 Armour
 + Level 8.8 Dodging
 * Level 9.4 Evocations


You had 12 spell levels left.
You didn't know any spells.
Your spell library was empty.

Dungeon Overview and Level Annotations

Branches:
Dungeon (12/12)            Temple (1/1) D:5            Lair (0/6) D:8
    Orc (1/1) D:10         Vaults (0/3) D:11         Depths (0/5) D:12
    Elf: Orc:1

Altars:
Ashenzari
Cheibriados
Dithmenos
Elyvilon
Fedhas
Gozag
Hepliaklqana
Kikubaaqudgha
Lugonu
Makhleb
Nemelex Xobeh
Okawaru
Qazlal
Ru
Sif Muna
Trog
Uskayaw
Vehumet
Wu Jian
Xom
Yredelemnul
Zin
The Shining One

Shops:
D:5 !   D:7 %   Orc (


Innate Abilities, Weirdness & Mutations

You have hoof-like feet.
You are mostly covered in large bone plates. (SH +6)
You are slightly more attuned to the shadows.
You are mostly covered in sharp spines.
You can translocate small distances at will.
You are resistant to hostile enchantments. (MR+)


Message History

You are too injured to fight recklessly!
You are too injured to fight recklessly!
You are too injured to fight recklessly!
You are too injured to fight recklessly!
You are too injured to fight recklessly!
The orc warrior barely misses you.
The ettin hits you with a +0 dire flail!!
* * * LOW HITPOINT WARNING * * *
The ettin hits you with a +0 dire flail!!
* * * LOW HITPOINT WARNING * * *
Okay, then.
Okay, then.
Evoke which item? (* to show all) (? for menu, Esc to quit)
Okay, then.
Okay, then.
A red film seems to cover your vision as you go berserk!
You feel yourself moving faster!
You feel mighty! The ettin is struck by your spines.
The ettin hits you but does no damage.
The ettin hits you with a +0 dire flail!!
You die...

...................
...................
.P...##............
..................
####........#.o.....
###.........#.Coo.....
#.......)))#)..@...#
##......P..)..†........
#....P....)............
#.........)).<.........
#...P.∩..)))..#........
#P.......P.............
#P......8.....##...#$..
##...P..PP)....#...#
#....P...[)...... ..


You could see an ettin, 2 orc warriors and an orc priest.

Vanquished Creatures
  A vault guard (D:11)
  3 hydras
  2 centaur warriors (D:12)
  Erica (D:11)
  A satyr (shapeshifter) (D:12)
  A two-headed ogre (D:11)
  A skeletal warrior (D:12)
  An orc sorcerer (D:12)
  4 cyclopes
  A deep elf mage (D:12)
  2 orc knights
  A wolf spider zombie (D:11)
  2 manticores
  A wolf spider (D:12)
  3 ugly things
  A slime creature (D:12)
  A salamander (D:12)
  An eye of devastation (shapeshifter) (D:8)
  Joseph (D:7)
  An efreet (D:11)
  A yaktaur (shapeshifter) (D:12)
  A kobold demonologist (D:11)
  5 trolls
  2 hornets
  Prince Ribbit (D:8)
  3 hippogriffs
  2 dream sheep (D:8)
  2 shadows
  A wraith (D:10)
  A hungry ghost (D:8)
  9 yaks
  2 humans (D:12)
  2 vampire mosquitoes (D:11)
  4 wargs
  A porcupine (D:8)
  Duvessa (D:5)
  10 orc warriors
  8 sky beasts
  A swamp drake (shapeshifter) (D:12)
  3 ice beasts
  5 black bears
  A hornet zombie (D:12)
  A phantom (D:10)
  5 boggarts (D:12)
  A necrophage (D:6)
  3 centaurs
  7 ogres
  2 crocodiles
  5 big kobolds
  6 bullfrogs
  A wyvern zombie (D:9)
  Dowan (D:5)
  4 scorpions
  24 killer bees
  5 howler monkeys
  5 electric eels (D:9)
  2 bullfrog zombies (D:5)
  4 crimson imps
  4 centaur zombies
  4 jellies
  7 orc priests
  A bullfrog skeleton (D:3)
  5 hounds
  8 orc wizards
  3 iguanas
  4 centaur skeletons
  9 worker ants
  A howler monkey skeleton (D:4)
  8 gnolls
  9 adders
  An ooze (D:7)
  4 worms
  A dart slug (D:3)
  2 leopard geckos
  53 orcs
  A ball python (D:2)
  5 giant cockroaches
  5 goblins
  6 hobgoblins
  22 jackals
  14 kobolds
  6 quokkas
  5 bats
  2 frilled lizards (D:1)
  A quokka skeleton (D:4)
  3 rats (D:2)
  2 fungi (Orc)
  A plant (D:9)
369 creatures vanquished.

Vanquished Creatures (collateral kills)
  An orc warlord (Orc)
  Fannar (D:11)
  Harold (D:8)
  A two-headed ogre (D:11)
  An orc high priest (Orc)
  3 skeletal warriors (D:12)
  An orc knight (Orc)
  An orc sorcerer (Orc)
  A centaur skeleton (D:11)
  A wolf spider simulacrum (D:11)
  Menkaure (D:8)
  An acid dragon (D:12)
  5 orc warriors (Orc)
  An ice beast (D:11)
  A jelly (D:8)
  A worker ant (D:8)
  A worker ant zombie (D:8)
23 creatures vanquished.

Vanquished Creatures (others)
  26 fungi
  11 plants
37 creatures vanquished.

Grand Total: 429 creatures vanquished

Notes
Turn   | Place    | Note
-------+----------+-------------------------------------------
     0 | D:1      | Revguard the Demonspawn Berserker began the quest for the
                  | Orb.
     0 | D:1      | Reached XP level 1. HP: 18/18 MP: 1/1
   396 | D:1      | Gained mutation: You are partially covered in sharp spines.
                  | [demonic ancestry]
   396 | D:1      | Reached XP level 2. HP: 22/24 MP: 2/2
   401 | D:1      | Reached skill level 3 in Axes
   980 | D:2      | Gained mutation: You are mostly covered in sharp spines.
                  | [demonic ancestry]
   980 | D:2      | Reached XP level 3. HP: 29/29 MP: 3/3
   985 | D:2      | Noticed an ogre
   998 | D:2      | Killed an ogre
   998 | D:2      | Reached XP level 4. HP: 13/37 MP: 4/4
  1276 | D:2      | Reached ** piety under Trog
  1820 | D:2      | Gained mutation: You have large cloven feet. [demonic
                  | ancestry]
  1820 | D:2      | Reached XP level 5. HP: 34/42 MP: 5/5
  2149 | D:3      | Reached skill level 4 in Axes
  2859 | D:4      | Reached XP level 6. HP: 48/48 MP: 6/6
  3002 | D:4      | Noticed a sky beast
  3008 | D:4      | Killed a sky beast
  3208 | D:4      | Noticed a sky beast
  3215 | D:4      | Killed a sky beast
  3215 | D:4      | Reached skill level 5 in Axes
  3251 | D:4      | Reached *** piety under Trog
  3287 | D:4      | Reached XP level 7. HP: 55/55 MP: 7/7
  3433 | D:4      | Reached skill level 6 in Axes
  3544 | D:4      | Found a deep blue altar of Sif Muna.
  3593 | D:5      | Entered Level 5 of the Dungeon
  3652 | D:5      | Reached skill level 5 in Fighting
  3652 | D:5      | Gained mutation: You have hoof-like feet. [demonic
                  | ancestry]
  3652 | D:5      | Reached XP level 8. HP: 54/62 MP: 8/8
  3744 | D:5      | Found a staircase to the Ecumenical Temple.
  3758 | Temple   | Entered the Ecumenical Temple
  3951 | D:5      | Reached **** piety under Trog
  3997 | D:5      | Found Wiyps's Distillery.
  4004 | D:5      | Bought a potion of mutation for 112 gold pieces
  4004 | D:5      | Gained mutation: You can translocate small distances at
                  | will. [potion of mutation]
  4004 | D:5      | Gained mutation: You are resistant to hostile enchantments.
                  | (MR+) [potion of mutation]
  4091 | D:5      | Noticed Duvessa
  4091 | D:5      | Noticed Dowan
  4097 | D:5      | Reached skill level 7 in Axes
  4101 | D:5      | Killed Duvessa
  4103 | D:5      | Killed Dowan
  4358 | D:6      | Reached skill level 1 in Evocations
  4405 | D:6      | Found a white marble altar of Elyvilon.
  4412 | D:6      | Found a stormy altar of Qazlal.
  4413 | D:6      | Found an ornate altar of the Wu Jian Council.
  4414 | D:6      | Found a basalt altar of Yredelemnul.
  4415 | D:6      | Found a corrupted altar of Lugonu.
  4427 | D:6      | Found a hazy altar of Hepliaklqana.
  5669 | D:7      | Gained mutation: You are partially covered in large bone
                  | plates. (SH +4) [demonic ancestry]
  5669 | D:7      | Reached XP level 9. HP: 69/69 MP: 10/10
  5760 | D:7      | Found a sacrificial altar of Ru.
  5761 | D:7      | Noticed Joseph
  5779 | D:7      | Killed Joseph
  5779 | D:7      | Reached skill level 8 in Axes
  5779 | D:7      | Reached skill level 5 in Dodging
  6140 | D:7      | Found Xukhlats's Food Shoppe.
  6490 | D:8      | Noticed Menkaure
  6498 | D:8      | Killed Menkaure
  6534 | D:8      | Found a burning altar of Makhleb.
  6621 | D:8      | Noticed an eye of devastation
  6621 | D:8      | a snapping turtle changed into an eye of devastation
  6630 | D:8      | Reached skill level 9 in Axes
  6635 | D:8      | Killed an eye of devastation
  6642 | D:8      | Reached XP level 10. HP: 77/77 MP: 11/13
  6717 | D:8      | Found a staircase to the Lair.
  6781 | D:8      | Reached skill level 5 in Evocations
  6790 | D:8      | Reached skill level 10 in Axes
  6836 | D:8      | Noticed a three-headed hydra
  6841 | D:8      | Killed a one-headed hydra
  6928 | D:8      | Noticed Prince Ribbit
  6944 | D:8      | Killed Prince Ribbit
  6982 | D:8      | Noticed Harold
  6998 | D:8      | Killed Harold
  6998 | D:8      | Reached skill level 5 in Armour
  7398 | D:9      | Gained mutation: You are mostly covered in large bone
                  | plates. (SH +6) [demonic ancestry]
  7398 | D:9      | Reached XP level 11. HP: 18/84 MP: 15/15
  7754 | D:9      | Noticed a cyclops
  7771 | D:9      | Killed a cyclops
  7947 | D:9      | Found a blossoming altar of Fedhas.
  7959 | D:9      | Found a sparkling altar of Nemelex Xobeh.
  8424 | D:10     | Entered Level 10 of the Dungeon
  8449 | D:10     | Found a stormy altar of Qazlal.
  8458 | D:10     | Reached skill level 11 in Axes
  8739 | D:10     | Reached ***** piety under Trog
  8991 | D:10     | Found a staircase to the Orcish Mines.
  9036 | D:10     | Got a crystal hunting sling
  9485 | D:11     | Noticed a two-headed ogre
  9488 | D:11     | Killed a two-headed ogre
  9499 | D:11     | Noticed Fannar
  9511 | D:11     | Killed Fannar
  9604 | D:11     | Noticed a white ugly thing
  9631 | D:11     | Killed a white ugly thing
  9672 | D:11     | Noticed a two-headed ogre
  9694 | D:11     | Killed a two-headed ogre
  9705 | D:11     | Noticed a cyclops
  9741 | D:11     | Killed a cyclops
  9741 | D:11     | Reached skill level 12 in Axes
  9741 | D:11     | Gained mutation: You are slightly more attuned to the
                  | shadows. [demonic ancestry]
  9741 | D:11     | Reached XP level 12. HP: 74/94 MP: 17/17
  9934 | D:11     | Noticed Erica
  9949 | D:11     | Killed Erica
 10181 | D:11     | Noticed a vault guard
 10228 | D:11     | Killed a vault guard
 10229 | D:11     | HP: 2/95 [wolf spider simulacrum (29)]
 10368 | D:11     | Found a gate to the Vaults.
 10602 | D:12     | Entered Level 12 of the Dungeon
 10618 | D:12     | Noticed a six-headed hydra
 10639 | D:12     | Noticed a centaur warrior
 10643 | D:12     | Noticed a tengu warrior
 10647 | D:12     | Noticed a catoblepas
 10713 | D:12     | Paralysed by an orc sorcerer for 3 turns
 10782 | D:12     | Got a faintly glowing plate armour
 10793 | D:12     | Identified the +4 plate armour "Xor Kane" {rC++ Int+4} (You
                  | found it on level 12 of the Dungeon)
 10835 | D:12     | Noticed a seven-headed hydra
 10835 | D:12     | Noticed an anaconda
 10842 | D:12     | Noticed an anaconda
 10845 | D:12     | Noticed a satyr
 10845 | D:12     | an anaconda changed into a satyr
 10850 | D:12     | Killed a two-headed hydra
 10862 | D:12     | Killed a satyr
 10902 | D:12     | Found a staircase to the Depths.
 10931 | D:12     | Noticed a centaur warrior
 10948 | D:12     | Killed a centaur warrior
 10966 | D:12     | Noticed a centaur warrior
 10993 | D:12     | Killed a centaur warrior
 11050 | D:12     | Noticed a five-headed hydra
 11061 | D:12     | Killed a one-headed hydra
 11068 | D:12     | Reached XP level 13. HP: 88/102 MP: 19/19
 11089 | D:12     | Reached skill level 13 in Axes
 11402 | D:12     | Found an iron altar of Okawaru.
 11878 | Orc      | Entered the Orcish Mines
 11879 | Orc      | Found Wuvoclol's Antique Weapon Emporium.
 11879 | Orc      | Noticed an orc warlord
 11896 | Orc      | Reached skill level 10 in Fighting
 11920 | Orc      | Killed an orc warlord
 12061 | Orc      | Noticed an ettin
 12071 | Orc      | HP: 5/103 [ettin/+0 dire flail (24)]
 12072 | Orc      | Annihilated by an ettin

Skill      XL: |  1  2  3  4  5  6  7  8  9 10 11 12 13 |
---------------+----------------------------------------+-----
Axes           | 3 4 5 6 7 9 10 12 13 | 13.3
Armour         | 2 3 4 5 6 7 |  7.8
Dodging        | 2 3 4 5 6 7 8 |  8.8
Fighting       | 4 5 6 7 8 9 10 | 10.1
Evocations     | 2 4 5 7 8 9 |  9.4

Action                   |  1- 3 |  4- 6 |  7- 9 | 10-12 | 13-15 || total
-------------------------+-------+-------+-------+-------+-------++-------
Melee: Hand axe          |    65 |    98 |   255 |   889 |   203 ||  1510
       Kick              |       |    25 |    66 |       |       ||    91
       War axe           |       |       |     7 |       |       ||     7
Invok: Berserk           |     4 |     3 |     6 |    17 |     5 ||    35
       Trog's Hand       |       |       |     4 |    11 |     4 ||    19
       Brothers in Arms  |       |       |     1 |     4 |     3 ||     8
 Abil: Blink             |       |       |     2 |     2 |     1 ||     5
Evoke: Wand              |       |       |       |     1 |     4 ||     5
  Use: Scroll            |     4 |     4 |    10 |     6 |     1 ||    25
       Potion            |     4 |     3 |     5 |     4 |     1 ||    17
 Stab: Sleeping          |     1 |       |     2 |     2 |       ||     5
       Distracted        |     1 |       |       |     1 |       ||     2
       Confused          |       |       |       |     1 |       ||     1
       Petrified         |       |       |       |     1 |       ||     1
  Eat: Chunk             |     2 |    11 |    22 |    63 |    14 ||   112
       Ration            |       |       |     3 |     1 |       ||     4
Armor: Leather armour    |    16 |    21 |    74 |    27 |       ||   138
       Troll leather arm |       |       |       |   157 |       ||   157
       Plate armour      |       |       |       |    63 |   120 ||   183
Dodge: Dodged            |    42 |    61 |   144 |   421 |    80 ||   748
Block: Other             |       |       |    19 |   173 |    58 ||   250
